 Dungeon Crawl Stone Soup version 0.24.0-1-gfbc8707122 (webtiles) character file.

Game seed: 16638896826641480120, levelgen mode: deterministic

42 Gildeon the Shooter (level 3, -5/29 HPs)
             Began as a Centaur Hunter on Oct 26, 2019.
             Slain by Sigmund
             ... wielding a +0 scythe
              (7 damage)
             ... on level 2 of the Dungeon.
             The game lasted 00:06:58 (1201 turns).

Gildeon the Shooter (Centaur Hunter)                Turns: 1201, Time: 00:06:59

Health: -5/29      AC:  6    Str: 14    XL:     3   Next: 35%
Magic:  3/3        EV:  7    Int: 10    God:
Gold:   110        SH:  0    Dex: 10    Spells: 2/2 levels left

rFire    . . .     SeeInvis .   b - +0 mace
rCold    . . .     Gourm    .   (no shield)
rNeg     . . .     Faith    .   e - +0 scale mail
rPois    .         Spirit   .   (no helmet)
rElec    .         Reflect  .   (no cloak)
rCorr    .         Harm     .   (no gloves)
MR       .....                  (no barding)
Stlth    ..........             (no amulet)
HPRegen  0.09/turn              (no ring)
MPRegen  0.08/turn              (no ring)

@: very quick
A: large, hooves 3, deformed body, speed 2, tough skin 3
a: no special abilities


You were on level 2 of the Dungeon.
You were not hungry.

You visited 1 branch of the dungeon, and saw 2 of its levels.

You collected 110 gold pieces.

Inventory:

Hand Weapons
 a - a +1 shortbow
 b - a +0 mace (weapon)
Armour
 c - a +0 leather armour
 e - a +0 scale mail (worn)
 k - a +0 robe
Scrolls
 i - 3 scrolls of teleportation
 l - 3 scrolls of remove curse
Potions
 h - a potion of invisibility {unknown}
 m - a potion of curing {unknown}
 n - a potion of haste {unknown}
 o - a potion of agility {unknown}
Comestibles
 f - 5 rations
 g - 5 chunks of flesh


   Skills:
 - Level 2.0 Fighting
 + Level 6.7 Bows
 + Level 0.4 Armour
 - Level 1.3 Dodging
 - Level 0.4 Stealth


You had 2 spell levels left.
You didn't know any spells.
Your spell library was empty.

Dungeon Overview and Level Annotations

Branches:
Dungeon (2/15)

Altars:

Annotations:
D:2 Sigmund


Innate Abilities, Weirdness & Mutations

You have hooves in place of feet.
Armour fits poorly on your strangely shaped body.
You cover ground very quickly.
You have extremely tough skin. (AC +3)


Message History

Firing (i - inventory) No suitable missiles.
Press: ? - help, Shift-Dir - straight line, f/p - Sigmund
Aim: Sigmund, wielding a +0 scythe and wearing a +2 robe of magic resistance (heavily wounded)
Okay, then.
b - a +0 mace (weapon)
Sigmund gestures at you while chanting. The puff of flame hits you.
You closely miss Sigmund.
Sigmund is heavily wounded.
Sigmund hits you with a +0 scythe.
* * * LOW HITPOINT WARNING * * *
You barely miss Sigmund.
Sigmund is heavily wounded.
Sigmund casts a spell at you. The puff of flame hits you.
* * * LOW HITPOINT WARNING * * *
You hit Sigmund but do no damage. Your kick misses Sigmund.
Sigmund is heavily wounded.
Sigmund hits you with a +0 scythe!
You die...

############## ##.....##.....##
##<.............## ########
#................# #...#...
#................# #.......
####................# #....##.
#...§§.....(........# ##.#.##.
#..)§§.)........)...# #.#.##.
#...§§........@@....#####...###
#...#...........(..###.........
#.........(.......(((..#...####
#..........<...########..#...##
#...####..###....# ....##.....
#...##...## ##.......#####....#
######.### ###...# #....# #.
.#... #...## .###. #...#


You could see Sigmund.

Vanquished Creatures
  2 dart slugs (D:1)
  A leopard gecko (D:1)
  12 goblins
  7 hobgoblins
  4 bats
  3 frilled lizards
  3 kobolds
  A rat (D:1)
33 creatures vanquished.

Notes
Turn   | Place    | Note
-------+----------+-------------------------------------------
     0 | D:1      | Gildeon the Centaur Hunter began the quest for the Orb.
     0 | D:1      | Reached XP level 1. HP: 17/17 MP: 1/1
   149 | D:1      | Reached skill level 6 in Bows
   149 | D:1      | Reached XP level 2. HP: 21/24 MP: 2/2
  1000 | D:2      | Reached XP level 3. HP: 29/29 MP: 3/3
  1139 | D:2      | Noticed Sigmund
  1201 | D:2      | Slain by Sigmund

Levels and vault maps discovered:
D:1:      beargit_arrival_greenhouse, layout_loops_corners, minmay_pentomino_o4
D:2:      layout_rooms, uniq_sigmund

Skill      XL: |  1 |
---------------+----+-----
Bows           | 6 |  6.7
Fighting       | |  2.0
Armour         | |  0.4
Dodging        | |  1.3
Stealth        | |  0.4

Action                   || total
-------------------------++-------
Melee: Mace              ||     3
 Fire: Shortbow          ||    83
  Use: Scroll            ||     5
Armor: Scale mail        ||    16
       Leather armour    ||     4
Dodge: Dodged            ||    13
